 Dungeon Crawl Stone Soup version 0.28-a0-1184-g53156a8862 (webtiles) character file.

Game seed: 4726986191610897594

5021 flotson the Skirmisher (level 10, -2/77 HPs)
             Began as a Demonspawn Gladiator on Dec 17, 2021.
             Was an Initiate of Gozag.
             Slain by a komodo dragon (28 damage)
             ... on level 8 of the Dungeon.
             The game lasted 00:19:57 (9880 turns).

flotson the Skirmisher (Demonspawn Gladiator)       Turns: 9880, Time: 00:19:59

Health: -2/77      AC: 11    Str: 19    XL:     10   Next: 30%
Magic:  10/10      EV: 11    Int:  9    God:    Gozag
Gold:   220        SH: 14    Dex: 15    Spells: 9/9 levels left

rFire   . . .      SeeInvis .   a - +2 mace (venom)
rCold   . . .      Faith    .   l - +0 tower shield
rNeg    . . .      Spirit   .   h - +0 steam dragon scales
rPois   .          Reflect  .   c - +0 helmet
rElec   .          Harm     .   (no cloak)
rCorr   .          Rampage  .   (no gloves)
Will    .....                   w - +0 pair of boots
Stlth   +.........              (no amulet)
HPRegen 0.22/turn               (no ring)
MPRegen 0.12/turn               (no ring)

@: no status effects
A: hooves 1, molten scales 2, spiny 3
a: Renounce Religion, Potion Petition, Call Merchant, Bribe Branch


You were on level 8 of the Dungeon.
You worshipped Gozag.
Gozag was aware of your devotion.
You visited 2 branches of the dungeon, and saw 9 of its levels.
You also visited: Sewer.

You collected 338 gold pieces.
You paid 118 gold pieces to Gozag.

Inventory:

Hand Weapons
 a - a +2 mace of venom (weapon)
 b - a +0 hand crossbow
 i - a +0 war axe
 A - a +2 whip of draining
Missiles
 d - a throwing net (quivered)
 p - 54 poisoned darts
 B - 42 bolts
Armour
 c - a +0 helmet (worn)
 h - +0 steam dragon scales (worn)
 l - a +0 tower shield (worn)
 w - a +0 pair of boots (worn)
Jewellery
 C - a ring of willpower
Wands
 x - a wand of iceblast (20)
 D - a wand of acid (6)
 G - a wand of flame (12)
 H - a wand of polymorph (5)
Scrolls
 j - 2 scrolls of teleportation
 k - 3 scrolls of immolation {unknown}
 m - a scroll of enchant armour {unknown}
 n - a scroll of amnesia {unknown}
 o - 2 scrolls of fear {unknown}
 q - 2 scrolls of fog {unknown}
 s - 2 scrolls of brand weapon {unknown}
 y - a scroll of enchant weapon {unknown}
 z - 2 scrolls of blinking {unknown}
 F - 2 scrolls of vulnerability {unknown}
Potions
 e - a potion of invisibility
 f - a potion of might {unknown}
 g - 4 potions of curing
 r - 3 potions of cancellation
 t - a potion of haste
 u - a potion of mutation
 v - 2 potions of ambrosia
 E - a potion of attraction {unknown}
 I - a potion of flight {unknown}


   Skills:
 + Level 6.6 Fighting
 - Level 2.6 Axes
 + Level 6.1 Throwing
 + Level 5.7 Armour
 + Level 6.4 Dodging
 + Level 5.3 Shields
 + Level 5.6 Evocations


You had 9 spell levels left.
You didn't know any spells.
Your spell library contained the following spells:

 Spells                   Type           Power      Damage    Failure   Level
 Animate Skeleton         Necr           0%         N/A       99%         1
 Pain                     Necr           0%         1d4       99%         1
 Vampiric Draining        Necr           0%         2d6       100%        3


Dungeon Overview and Level Annotations

Branches:
Dungeon (8/15)             Temple (1/1) D:6           Sewer (visited)
   Lair: D:8-11

Altars:
Cheibriados
Dithmenos
Elyvilon
Fedhas
Gozag
Hepliaklqana
Kikubaaqudgha
Makhleb
Nemelex Xobeh
Okawaru
Qazlal
Ru
Sif Muna
Trog
Uskayaw
Vehumet
Wu Jian
Xom
Yredelemnul
The Shining One
Jiyva

Shops:
D:1 !

Annotations:
D:6 1 runed translucent door, spiderkeys's ghost, novice PaAK
D:8 3 runed translucent doors, SkeletonJelly's ghost, novice MiGl


Innate Abilities, Weirdness & Mutations

You have large cloven feet.
You are mostly covered in molten scales. (AC +3)
You are completely covered in sharp spines.


Message History

Your shield prevents you from hitting the komodo dragon.
The komodo dragon bites you! You block the komodo dragon's attack.
You barely miss the komodo dragon.
You block the komodo dragon's attack. x2
You hit the komodo dragon but do no damage.
The komodo dragon is poisoned.
The komodo dragon misses you.
You hit the komodo dragon but do no damage.
The komodo dragon looks even sicker.
The komodo dragon is struck by your spines.
The komodo dragon bites you!
The komodo dragon is struck by your spines.
The komodo dragon closely misses you.
You barely miss the komodo dragon.
The komodo dragon is heavily wounded.
The komodo dragon is struck by your spines.
The komodo dragon bites you!
The komodo dragon bites you but does no damage.
You are too injured to fight recklessly!
You are too injured to fight recklessly!
You are too injured to fight recklessly!
You are too injured to fight recklessly!
You are too injured to fight recklessly!
You are too injured to fight recklessly!
You are too injured to fight recklessly!
You hit the komodo dragon.
The komodo dragon looks as sick as possible!
The komodo dragon is heavily wounded.
The komodo dragon barely misses you. The komodo dragon closely misses you.
You closely miss the komodo dragon.
The komodo dragon is heavily wounded.
You block the komodo dragon's attack.
You completely miss the komodo dragon.
The komodo dragon is severely wounded.
The komodo dragon bites you! You block the komodo dragon's attack.
You barely miss the komodo dragon.
The komodo dragon is severely wounded.
You block the komodo dragon's attack.
The komodo dragon is struck by your spines.
The komodo dragon bites you!!
You die...
Your body crumbles into a pile of gold.

.#....#...........#
.#....#.$.........#
.#....#...........#
.#....#...........#
#....'...........#
#....#...........#
#....#...........#
##...#........l..#####
#...##########@.....#
#.....'......#......#
#.....#......#......#
#.....#......#......#
#.....#......'......#
##############......#
########


You could see a komodo dragon (very poisoned).

Vanquished Creatures
  Pikel (D:6)
  Maggie (D:6)
  A troll (D:8)
  Sigmund (D:4)
  4 yaks
  Eustachio (D:4)
  A water moccasin (D:5)
  2 necrophages (D:4)
  2 ogres
  4 orc warriors
  A sky beast (D:6)
  A black bear (D:5)
  3 centaurs
  A phantom (D:5)
  3 bullfrogs
  A gnoll sergeant (D:6)
  A wyvern zombie (D:8)
  5 scorpions
  A wyvern skeleton (D:7)
  A water moccasin skeleton (D:5)
  4 hounds
  2 centaur skeletons (D:4)
  7 orc priests
  A jelly (D:5)
  A scorpion zombie (D:5)
  A gnoll shaman (D:5)
  4 iguanas
  5 orc wizards
  Ijyb (D:3)
  A killer bee zombie (D:7)
  2 hound zombies
  A hound skeleton (D:5)
  8 gnolls
  12 adders
  A white imp (D:7)
  3 ufetubi
  An adder skeleton (D:4)
  A worm (D:3)
  2 dart slugs
  33 orcs
  7 ball pythons
  5 endoplasms
  7 giant cockroaches
  4 hobgoblins
  9 jackals
  5 quokkas
  3 bats
  7 frilled lizards
  7 goblins
  A hobgoblin zombie (D:6)
  A jackal zombie (D:6)
  13 kobolds
  A kobold zombie (D:6)
  5 rats
202 creatures vanquished.

Vanquished Creatures (others)
  11 fungi (D:8)
  23 plants
34 creatures vanquished.

Grand Total: 236 creatures vanquished

Notes
Turn   | Place    | Note
-------+----------+-------------------------------------------
     0 | D:1      | flotson the Demonspawn Gladiator began the quest for the
                  | Orb.
     0 | D:1      | Reached XP level 1. HP: 16/16 MP: 1/1
   137 | D:1      | Gained mutation: You are partially covered in sharp spines.
                  | [demonic ancestry]
   137 | D:1      | Reached XP level 2. HP: 22/22 MP: 2/2
   772 | D:1      | Found Zelokk's Distillery.
   786 | D:1      | Reached skill level 1 in Armour
  1056 | D:2      | Reached XP level 3. HP: 27/28 MP: 3/3
  1401 | D:2      | Found a faded altar of an unknown god.
  1444 | D:2      | Gained mutation: You have large cloven feet. [demonic
                  | ancestry]
  1444 | D:2      | Reached XP level 4. HP: 34/34 MP: 4/4
  2192 | D:3      | Found a glowing drain.
  2201 | Sewer    | Entered a sewer
  3168 | D:3      | Reached skill level 1 in Shields
  3168 | D:3      | Gained mutation: You are mostly covered in sharp spines.
                  | [demonic ancestry]
  3168 | D:3      | Reached XP level 5. HP: 37/41 MP: 5/5
  3352 | D:3      | Noticed Ijyb
  3358 | D:3      | Killed Ijyb
  3974 | D:4      | Noticed Sigmund
  3974 | D:4      | Noticed a necrophage
  4133 | D:4      | Noticed Eustachio
  4203 | D:4      | Killed a necrophage
  4204 | D:4      | Reached skill level 1 in Evocations
  4204 | D:4      | Gained mutation: You are completely covered in sharp
                  | spines. [demonic ancestry]
  4204 | D:4      | Reached XP level 6. HP: 38/47 MP: 6/6
  4250 | D:4      | Killed Sigmund
  4251 | D:4      | Reached XP level 7. HP: 40/53 MP: 7/7
  4636 | D:4      | Killed Eustachio
  5132 | D:5      | Entered Level 5 of the Dungeon
  5196 | D:5      | Noticed a yak
  5205 | D:5      | Killed a yak
  5206 | D:5      | Reached XP level 8. HP: 45/61 MP: 8/8
  5927 | D:5      | Reached skill level 5 in Fighting
  5927 | D:5      | Reached skill level 5 in Dodging
  6432 | D:5      | Gained mutation: You are partially covered in molten
                  | scales. (AC +2) [demonic ancestry]
  6432 | D:5      | Reached XP level 9. HP: 67/68 MP: 9/9
  6470 | D:5      | Reached skill level 5 in Throwing
  6643 | D:5      | You fall into a shaft and drop 3 floors!
  6812 | D:8      | Noticed a komodo dragon
  7296 | D:6      | Noticed Maggie
  7302 | D:6      | Killed Maggie
  7303 | D:6      | Reached skill level 5 in Armour
  7521 | D:6      | Noticed spiderkeys's ghost (novice PaAK)
  7535 | D:6      | Found a runed translucent door.
  7555 | D:6      | Reached skill level 5 in Evocations
  7695 | D:6      | Found a staircase to the Ecumenical Temple.
  7843 | D:6      | Noticed Pikel
  7850 | D:6      | Paralysed by Pikel for 2 turns
  7854 | D:6      | Paralysed by Pikel for 3 turns
  7887 | D:6      | Paralysed by Pikel for 6 turns
  7899 | D:6      | Killed Pikel
  7900 | D:6      | Reached skill level 5 in Shields
  7900 | D:6      | Gained mutation: You are mostly covered in molten scales.
                  | (AC +3) [demonic ancestry]
  7900 | D:6      | Reached XP level 10. HP: 56/77 MP: 10/10
  8365 | D:7      | Paralysed by an orc wizard for 4 turns
  8743 | D:8      | Found a runed translucent gate.
  8743 | D:8      | Found a runed translucent gate.
  8743 | D:8      | Found a runed translucent gate.
  8746 | D:8      | Noticed SkeletonJelly's ghost (novice MiGl)
  8750 | D:8      | Found a viscous altar of Jiyva.
  9443 | Temple   | Entered the Ecumenical Temple
  9749 | Temple   | Became a worshipper of Gozag Ym Sagoz the Greedy
  9880 | D:8      | Slain by a komodo dragon

Illustrated notes

Levels and vault maps discovered:
D:1:      dpeg_arrival_simpleton_b, layout_loops_corners, serial_shops,
          nicolae_shop_advertising_works [nicolae_subvault_shop_adworks]
D:2:      layout_basic, shapermc_ecumenical_altar_starsandcircs
D:3:      layout_basic, cheibrodos_sewer_entry_bend, uniq_ijyb
D:4:      layout_cave_pools, uniq_sigmund, uniq_eustachio
D:5:      minmay_razor_zed, layout_loops_ring
D:6:      layout_basic, minmay_temple_entry_slanted,
          hellmonk_ghost_happy_afterlife, enter_ossuary_3, uniq_pikel,
          uniq_maggie
D:7:      layout_gridville, kennysheep_big_empty_room
D:8:      layout_gridville, grunt_lair_entry_orc_guard_hut,
          gammafunk_ghost_ooze, special_room [special_room_orc], st_stairs_14
Temple:   minmay_crystal_snake_temple

Skill      XL: |  1  2  3  4  5  6  7  8  9 10 |
---------------+-------------------------------+-----
Throwing       | 2 3 4 5 6 |  6.1
Dodging        | 3 4 5 6 |  6.4
Armour         | 1 2 3 4 5 |  5.7
Fighting       | 3 4 5 6 |  6.6
Shields        | 1 2 3 5 |  5.3
Evocations     | 1 3 4 5 |  5.6
Axes           | |  2.6

Action                   |  1- 3 |  4- 6 |  7- 9 | 10-12 || total
-------------------------+-------+-------+-------+-------++-------
Melee: War axe           |    52 |       |       |       ||    52
       Mace              |    17 |   105 |   190 |    69 ||   381
       Kick              |       |    26 |       |       ||    26
       Whip              |       |    23 |       |       ||    23
 Fire: Hand crossbow     |       |       |    56 |    39 ||    95
Throw: Dart              |       |     5 |       |       ||     5
       Throwing net      |       |     1 |     1 |       ||     2
Evoke: Wand              |       |       |     4 |       ||     4
  Use: Scroll            |       |       |     8 |     1 ||     9
       Potion            |       |       |     1 |       ||     1
 Stab: Held in net/web   |       |     1 |       |       ||     1
Armor: Leather armour    |    11 |       |       |       ||    11
       Ring mail         |    11 |    40 |    84 |       ||   135
       Steam dragon scal |       |       |    19 |    32 ||    51
Dodge: Dodged            |    40 |    36 |    76 |    36 ||   188
Block: Tower shield      |     1 |    89 |   246 |    90 ||   426

Table legend: (Time is in decaauts)
 A = Elapsed time spent in this place.
 B = Non-inter-level travel time spent in this place.
 C = Inter-level travel time spent in this place.
 D = Time resting spent in this place.
 E = Time spent auto-exploring this place.
 F = Levels seen in this place.
 G = Mean time per level.
                   A        B        C        D        E       F      G
               +--------+--------+--------+--------+--------+-----+--------+
         Total |  10453 |  10072 |    381 |    753 |   6561 |  10 | 1045.3 |
       Dungeon |   8980 |   8642 |    338 |    753 |   5508 |   8 | 1122.5 |
        Temple |    348 |    306 |     42 |      0 |    270 |   1 |  348.0 |
         Sewer |   1124 |   1124 |      0 |      0 |    782 |   1 | 1124.0 |
               +--------+--------+--------+--------+--------+-----+--------+

Top non-repeatable levels by time:
     D:3: 1719 daAuts
     D:5: 1214 daAuts
     D:6: 1161 daAuts
   Sewer: 1124 daAuts
     D:8: 1106 daAuts
     D:4: 1002 daAuts
     D:2: 998 daAuts
     D:1: 998 daAuts
     D:7: 778 daAuts
  Temple: 348 daAuts
